 Dungeon Crawl Stone Soup version 0.28-a0-834-g1a73be5ee4 (webtiles) character file.

Game seed: 13537558036499284983

393 cheechan the Sneak (level 6, -10/43 HPs)
             Began as an Octopode Monk on Nov 11, 2021.
             Killed by nerve-wracking pain
             ... invoked by Menkaure
              (14 damage)
             ... on level 4 of the Dungeon.
             The game lasted 00:18:35 (4491 turns).

cheechan the Sneak (Octopode Monk)                  Turns: 4491, Time: 00:18:35

Health: -10/43     AC:  1    Str: 11    XL:     6   Next: 81%
Magic:  6/6        EV: 14    Int: 13    God:
Gold:   103        SH:  0    Dex: 15    Spells: 5/5 levels left

rFire   . . .      SeeInvis .   p - +3 quarterstaff (chaos)
rCold   . . .      Faith    .   (shield currently unavailable)
rNeg    . . .      Spirit   .   (helmet restricted)
rPois   .          Reflect  .   (no amulet)
rElec   .          Harm     .   (no ring)
rCorr   .          Rampage  .   (no ring)
Will    .....                   (no ring)
Stlth   ++++......              (no ring)
HPRegen 0.14/turn               (no ring)
MPRegen 0.10/turn               (no ring)
                                (no ring)
                                (no ring)

@: no status effects
A: almost no armour, amphibious, 8 rings, camouflage 1, gelatinous body 1,
(nimble swimmer 1), tentacles
a: no special abilities


You were on level 4 of the Dungeon.
You visited 1 branch of the dungeon, and saw 4 of its levels.

You collected 103 gold pieces.

Inventory:

Hand Weapons
 b - a +0 dagger of holy wrath
 j - a +0 hunting sling
 n - a +0 glaive
 p - a +3 quarterstaff of chaos (weapon)
 q - a +1 mace of holy wrath
Missiles
 a - 15 bolts
 e - 14 sling bullets
 g - 25 arrows
 h - 2 throwing nets
 m - 17 poisoned darts
 o - 3 javelins (quivered)
Wands
 c - a wand of polymorph (6)
 k - a wand of iceblast (11)
 s - a wand of acid (8)
Scrolls
 i - a scroll of enchant armour
Potions
 d - 3 potions of lignification
 f - 2 potions of haste
 l - a potion of mutation {unknown}
 r - a potion of degeneration {unknown}


   Skills:
 + Level 3.9 Fighting
 + Level 4.0 Short Blades
 + Level 0.9 Staves
 + Level 1.9 Throwing
 + Level 3.7 Dodging
 * Level 6.8 Stealth


You had 5 spell levels left.
You didn't know any spells.
Your spell library contained the following spells:

 Spells                   Type           Power      Damage    Failure   Level
 Corpse Rot               Necr/Air       0%         N/A       43%         2
 Poisonous Vapours        Pois/Air       0%         N/A       43%         2
 Gell's Gravitas          Tloc           0%         N/A       67%         3
 Teleport Other           Tloc           0%         N/A       67%         3
 Dispersal                Tloc           0%         N/A       100%        6


Dungeon Overview and Level Annotations

Branches:
Dungeon (4/15)             Temple (0/1) D:4

Altars:

Annotations:
D:4 Menkaure


Innate Abilities, Weirdness & Mutations

You cannot wear most types of armour.
You are amphibious.
You can wear up to eight rings at the same time.
Your skin changes colour to match your surroundings (Stealth+).
Your rubbery body absorbs attacks. (AC +1, EV +1)
((You are camouflaged near water. (Stealth+)))
You have tentacles for arms and can constrict up to eight enemies at once.


Message History

Press: ? - help, Q - select action, (/) - cycle Shift-Dir - straight line, f - Menkaure
Aim: Menkaure (74% to hit)
You throw a javelin. The javelin closely misses Menkaure.
Menkaure mumbles some strange words.
Menkaure seems to speed up.
Throw: 4 javelins
Press: ? - help, Q - select action, (/) - cycle Shift-Dir - straight line, f/p - Menkaure
Aim: Menkaure (fast, 74% to hit)
You throw a javelin.
The javelin pierces through Menkaure but does no damage.
Menkaure closely misses you.
You hit Menkaure. You burn Menkaure. Your grab misses Menkaure.
Menkaure is lightly damaged.
Menkaure hits you.
You hit Menkaure. You burn Menkaure. Your grab misses Menkaure.
You squeeze Menkaure.
Menkaure is moderately damaged.
Menkaure closely misses you. Menkaure hits you!
You hit Menkaure. Your grab misses Menkaure.
Menkaure is moderately damaged.
Menkaure barely misses you.
You barely miss Menkaure. You grab Menkaure.
Menkaure is moderately damaged.
You constrict Menkaure. Menkaure hits you!!
Ouch! That really hurt!
* * * LOW HITPOINT WARNING * * *
Menkaure calls on the powers of darkness!
Your body is wracked with pain!
* * * LOW HITPOINT WARNING * * *
Okay, then.
You hit Menkaure but do no damage.
Menkaure is heavily damaged.
You constrict Menkaure. Menkaure hits you but does no damage.
Menkaure closely misses you.
You hit Menkaure but do no damage. You squeeze Menkaure, but do no damage.
Menkaure is heavily damaged.
You constrict Menkaure. Menkaure casts a spell at you.
Pain shoots through your body!
You die...

...######.....####...#..#*,,,,,**
....####.......# *...##.#*,,*,,,*
...##..........##*##...^#,*,**,,,
...........###..# *#....,,*,,,,**
....>.......##..###.....,,,,****
...........#....#.......,,,**
........................**,,**
........................*,*,,*
.##.............@M.(##.,,,,***
.###................#**,,,,,*
.....#..............#**,,,,**
#.†.##.............##*,,,*,,*
....................,,,,,,***
...##.............#..,,*,,*
.#.#####.......#.##...*****
.#####.......###..,....,,,**
.####.............*,*****,,*


You could see Menkaure (fast).

Vanquished Creatures
  A necrophage (D:4)
  Crazy Yiuf (D:3)
  An orc priest (D:3)
  Natasha (D:2)
  An orc wizard (D:3)
  6 adders
  5 gnolls
  An adder skeleton (D:4)
  3 worms
  4 dart slugs
  3 orcs
  7 bats
  9 endoplasms
  6 giant cockroaches
  2 goblins
  3 hobgoblins
  A quokka (D:4)
  16 ball pythons
  A frilled lizard (D:1)
  6 kobolds
  5 rats
83 creatures vanquished.

Notes
Turn   | Place    | Note
-------+----------+-------------------------------------------
     0 | D:1      | cheechan the Octopode Monk began the quest for the Orb.
     0 | D:1      | Reached XP level 1. HP: 16/16 MP: 1/1
    85 | D:1      | Reached skill level 3 in Stealth
    85 | D:1      | Reached XP level 2. HP: 9/21 MP: 2/2
   286 | D:1      | Reached XP level 3. HP: 25/26 MP: 3/3
  1411 | D:2      | Noticed Natasha
  1423 | D:2      | Killed Natasha
  1424 | D:2      | Reached skill level 4 in Stealth
  1424 | D:2      | Reached XP level 4. HP: 4/32 MP: 4/4
  1862 | D:2      | Found a faded altar of an unknown god.
  2731 | D:3      | Reached skill level 5 in Stealth
  2731 | D:3      | Reached XP level 5. HP: 24/37 MP: 5/5
  3591 | D:3      | Found a runed translucent door.
  3592 | D:3      | Noticed Crazy Yiuf
  3600 | D:3      | Killed Crazy Yiuf
  3848 | D:3      | Reached skill level 1 in Throwing
  3848 | D:3      | Reached skill level 6 in Stealth
  3848 | D:3      | Reached XP level 6. HP: 15/43 MP: 6/6
  4178 | D:4      | Noticed a necrophage
  4186 | D:4      | Killed a necrophage
  4478 | D:4      | Noticed Menkaure
  4491 | D:4      | Killed from afar by Menkaure

Illustrated notes

Levels and vault maps discovered:
D:1:      dpeg_arrival_solitude, layout_basic, grunt_decor_resistance,
          chequers_serial_rivers_small_a
D:2:      layout_basic, shapermc_ecumenical_altar_pompeii,
          serial_co_window_serial, co_window_paths_b, co_window_paths_b,
          co_window_paths_b, co_window_of_opportunity_a, co_window_corner_a,
          co_window_corner_a, co_window_of_opportunity_a, co_window_cross_2,
          co_window_corner_b, co_window_paths_c, co_window_2corner,
          co_window_of_opportunity_b, co_window_4corner_a, glass_columns_a,
          glass_columns_b, glass_columns_c, uniq_natasha
D:3:      layout_basic, uniq_crazy_yiuf_cottage
D:4:      layout_cave_pools, temple_hall, uniq_menkaure

Skill      XL: |  1  2  3  4  5  6 |
---------------+-------------------+-----
Stealth        | 3 4 5 6 |  6.8
Throwing       | 1 |  1.9
Short Blades   | 4 |  4.0
Fighting       | |  3.9
Staves         | |  0.9
Dodging        | |  3.7

Action                   |  1- 3 |  4- 6 || total
-------------------------+-------+-------++-------
Melee: Short sword       |    57 |    42 ||    99
       Constrict         |    12 |    19 ||    31
       Tentacles         |    11 |    15 ||    26
       Quarterstaff      |       |    40 ||    40
Throw: Javelin           |       |    28 ||    28
       Dart              |       |     6 ||     6
  Use: Scroll            |     4 |     4 ||     8
       Potion            |     2 |     3 ||     5
 Stab: Sleeping          |    11 |    14 ||    25
Armor: Skin              |     2 |     4 ||     6
Dodge: Dodged            |    29 |    57 ||    86

Table legend: (Time is in decaauts)
 A = Elapsed time spent in this place.
 B = Non-inter-level travel time spent in this place.
 C = Inter-level travel time spent in this place.
 D = Time resting spent in this place.
 E = Time spent auto-exploring this place.
 F = Levels seen in this place.
 G = Mean time per level.
                   A        B        C        D        E       F      G
               +--------+--------+--------+--------+--------+-----+--------+
         Total |   4515 |   4515 |      0 |    700 |      0 |   4 | 1128.8 |
       Dungeon |   4515 |   4515 |      0 |    700 |      0 |   4 | 1128.8 |
               +--------+--------+--------+--------+--------+-----+--------+

Top non-repeatable levels by time:
     D:3: 1664 daAuts
     D:2: 1657 daAuts
     D:1: 765 daAuts
     D:4: 428 daAuts
